Map: Orbital Shipyard

Players

DarthBane

  • Race: Protoss Protoss
  • League: Master

MCanning - Winner!

  • Race: Protoss Protoss
  • League: Grandmaster

VOD

Have the link to the VOD?

Description

Time

  • Played on: Jan. 17, 2016, 8:31 p.m.
  • Length: 6:10
Show
View Real Time Build Order
Export as new Build Order

DarthBane Protoss 

Build Orders:  

Get SALT Encoding   

  12  0:01  Probe (Chrono Boost)  
  13  0:11  Probe (Chrono Boost)  
  14  0:17  Pylon  
  14  0:22  Probe (Chrono Boost)  
  16  0:36  Probe (Chrono Boost)  
  16  0:37  Gateway  
  16  0:46  Probe (Chrono Boost)  
  16  0:47  Assimilator  
  17  0:57  Probe (Chrono Boost), Assimilator  
  18  1:07  Probe (Chrono Boost)  
  18  1:10  Gateway  
  19  1:18  Probe (Chrono Boost)  
  20  1:24  Cybernetics Core  
  20  1:28  Probe (Chrono Boost)  
  21  1:36  Pylon  
  21  1:39  Probe (Chrono Boost)  
  22  1:49  Probe (Chrono Boost)  
  23  2:01  Stalker x2  
  27  2:03  Warp Gate (Chrono Boost)  
  27  2:31  Stalker x2, Pylon  
  31  2:49  Gateway  
  31  3:01  Stalker x2  
  35  3:06  Robotics Facility  
  35  3:20  Gateway  
  35  3:30  Pylon  
  31  3:55  Stalker  
  31  3:58  Warp Prism (Chrono Boost)  
  35  4:11  Adept x2  
  35  4:15  Adept  
  41  4:19  Adept  
  43  4:24  Pylon  
  43  4:41  Immortal (Chrono Boost)  
  47  4:48  Stalker  
  49  4:53  Stalker  
  43  5:26  Stalker x4  
  29  5:51  Stalker x2  
  29  5:53  Stalker  
Show
View Real Time Build Order
Export as new Build Order

MCanning Protoss - Winner!

Build Orders: Nexus First 

Get SALT Encoding   

  12  0:01  Probe (Chrono Boost)  
  13  0:11  Probe (Chrono Boost)  
  14  0:18  Pylon  
  14  0:22  Probe (Chrono Boost)  
  15  0:36  Probe (Chrono Boost)  
  16  0:46  Probe (Chrono Boost)  
  17  0:57  Nexus  
  17  1:08  Gateway  
  17  1:12  Probe (Chrono Boost)  
  18  1:20  Assimilator  
  18  1:22  Probe (Chrono Boost)  
  18  1:25  Assimilator  
  19  1:33  Probe (Chrono Boost)  
  20  1:42  Gateway  
  20  1:43  Probe (Chrono Boost)  
  21  1:54  Probe (Chrono Boost)  
  22  1:59  Cybernetics Core  
  22  2:08  Probe (Chrono Boost)  
  23  2:19  Pylon  
  23  2:35  Stalker (Chrono Boost)  
  23  2:36  Stalker (Chrono Boost)  
  27  2:37  Mothership Core  
  27  2:38  Warp Gate (Chrono Boost)  
  29  2:48  Gateway  
  29  3:02  Stalker (Chrono Boost)  
  29  3:05  Stalker (Chrono Boost)  
  31  3:28  Stalker (Chrono Boost)  
  31  3:29  Pylon  
  31  3:30  Pylon  
  31  3:33  Sentry (Chrono Boost)  
  35  3:49  Robotics Facility  
  37  3:57  Stalker (Chrono Boost)  
  37  4:02  Probe  
  38  4:07  Pylon  
  38  4:08  Stalker (Chrono Boost)  
  39  4:41  Immortal (Chrono Boost)  
  39  4:45  Stalker x2  
  47  4:56  Probe  
  47  4:59  Pylon  
  48  5:01  Stalker  
  50  5:12  Probe (Chrono Boost)  
  49  5:14  Probe (Chrono Boost)  
  49  5:22  Observer (Chrono Boost)  
  49  5:24  Probe (Chrono Boost)  
  49  5:26  Probe (Chrono Boost)  
  50  5:38  Stalker  
  46  5:46  Stalker x2  
Tags
 
Add a new tag
Caveats
  • Supply blocks, unpowered buildings, or Contaminate may cause inaccurate times.
  • Supply counts are checked every 10 seconds.